 Dungeon Crawl Stone Soup version 0.28.0-53-g5a82cb258f (webtiles) character file.

Game seed: 8834942392239752631

202 Lutefisk the Caller (level 5, -2/44 HPs)
             Began as a Barachi Summoner on Aug 20, 2022.
             Slain by Grinder (9 damage)
             ... while paralysed by Grinder
             ... on level 4 of the Dungeon.
             The game lasted 00:14:33 (2544 turns).

Lutefisk the Caller (Barachi Summoner)              Turns: 2544, Time: 00:14:34

Health: -2/44      AC:  5    Str: 11    XL:     5   Next: 80%
Magic:  0/8        EV:  2    Int: 16    God:
Gold:   123        SH:  0    Dex: 12    Spells: 2/8 levels left

rFire   + . .      SeeInvis .   m - +0 halberd
rCold   . . .      Faith    .   (shield currently unavailable)
rNeg    . . .      Spirit   .   b - +2 robe {rF+}
rPois   .          Reflect  .   n - +0 helmet
rElec   .          Harm     .   (no cloak)
rCorr   .          Rampage  .   (no gloves)
Will    .....                   (no boots)
Stlth   ++........              (no amulet)
HPRegen 0.14/turn               (no ring)
MPRegen 0.11/turn               (no ring)

@: paralysed, slow
A: amphibious, slowness 1, strong legs 1, +LOS
a: Hop


You were on level 4 of the Dungeon.
You visited 1 branch of the dungeon, and saw 4 of its levels.

You collected 123 gold pieces.

Inventory:

Hand Weapons
 d - a +0 club
 m - a +0 halberd (weapon)
Missiles
 a - 3 poisoned darts
 g - 20 stones (quivered)
Armour
 b - a +2 robe of fire resistance (worn)
 j - a +0 robe of willpower
 n - a +0 helmet (worn)
Scrolls
 c - 4 scrolls of identify {unknown}
 h - a scroll of holy word {unknown}
 o - a scroll of blinking {unknown}
 p - a scroll of summoning {unknown}
 q - a scroll of teleportation {unknown}
Potions
 e - a potion of magic {unknown}
 f - 2 potions of lignification {unknown}
 i - 3 potions of haste {unknown}
 k - a potion of mutation {unknown}
 l - 2 potions of ambrosia {unknown}


   Skills:
 - Level 5.0 Fighting
 - Level 1.0 Armour
 - Level 2.1 Dodging
 * Level 2.4 Stealth
 - Level 2.1 Spellcasting
 * Level 5.8 Summonings


You had 2 spell levels left.
You knew the following spells:

 Your Spells              Type           Power      Damage    Failure   Level
a - Summon Small Mammal   Summ           80%        N/A       1%          1
b - Call Imp              Summ           20%        N/A       2%          2
c - Call Canine Familiar  Summ           20%        N/A       5%          3

Your spell library contained the following spells:

 Spells                   Type           Power      Damage    Failure   Level
 Summon Guardian Golem    Hex/Summ       11%        N/A       19%         3
 Summon Lightning Spire   Summ/Air       11%        N/A       52%         4


Dungeon Overview and Level Annotations

Branches:
Dungeon (4/15)
 Temple: D:4-7

Altars:

Shops:
D:2 =

Annotations:
D:4 Grinder


Innate Abilities, Weirdness & Mutations

You are amphibious.
You cover ground slowly.
You can hop short distances.
You have an extended range of vision and can be seen from far away.


Message History

Your hound dies!
Your hound's corpse disappears in a puff of smoke!
Grinder says, "Wait up."
Grinder gestures at your bat.
Your bat writhes in agony!
Your bat dies!
Your bat's corpse disappears in a puff of smoke!
Grinder shouts!
Throw: 21 stones
Press: ? - help, Q - select action, (/) - cycle Shift-Dir - straight line, f/p - Grinder
Aim: Grinder (almost dead, 55% to hit)
You throw a stone. The stone hits Grinder.
Grinder is almost dead.
Unknown command.
Casting: Summon Small Mammal (safe; 1% risk of failure)
Confirm with . or Enter, or press ? or * to list all spells.
Reach: m) +0 halberd
Press: ? - help, Dir - move target, f/p - Grinder
Aim: Grinder (almost dead, ally target, about 55% to evade your +0 halberd)
You reach to attack!
You barely miss Grinder.
Grinder is almost dead.
Your bat hits Grinder but does no damage.
Your bat barely misses Grinder.
You closely miss Grinder.
Grinder is almost dead.
Grinder gestures at you.
You suddenly lose the ability to move!
Your bat closely misses Grinder.
Grinder gestures at you. Pain shoots through your body!
* * * LOW HITPOINT WARNING * * *
Your bat hits Grinder but does no damage.
Grinder hits your bat!
Your bat dies!
Your bat's corpse disappears in a puff of smoke!
Grinder shouts!
Grinder gestures at you. Pain shoots through your body!
* * * LOW HITPOINT WARNING * * *
Grinder hits you!
You die...

#...........#.........
######....###.........
#########....# ..
#.......(....# ..
#.......(..$.# ..
#(...........# ..
#...?........# ..
#......§5....# .#
#.......@....#
#.......(†...#
+................
#.........?....)...
#$.................
....................
....................
....................
#........##..$......


You could see Grinder.

Vanquished Creatures
  An iguana (D:4)
  2 adders (D:2)
  An adder skeleton (D:4)
  A dart slug (D:4)
  A ball python (D:4)
  2 endoplasms
  2 giant cockroaches (D:4)
  3 goblins
  2 hobgoblins
  2 jackals (D:1)
  A bat (D:1)
  A frilled lizard (D:3)
  2 rats
21 creatures vanquished.

Vanquished Creatures (collateral kills)
  An orc wizard (D:3)
  3 gnolls (D:3)
  3 adders
  2 worms (D:3)
  A dart slug (D:1)
  7 orcs
  3 bats
  5 endoplasms
  3 giant cockroaches
  A goblin (D:4)
  2 hobgoblins
  A jackal (D:1)
  A kobold (D:3)
  A quokka (D:2)
  A ball python (D:1)
  5 rats
40 creatures vanquished.

Grand Total: 61 creatures vanquished

Notes
Turn   | Place    | Note
-------+----------+-------------------------------------------
     0 | D:1      | Lutefisk the Barachi Summoner began the quest for the Orb.
     0 | D:1      | Reached XP level 1. HP: 13/13 MP: 3/3
   106 | D:1      | Reached skill level 1 in Fighting
   237 | D:1      | Reached XP level 2. HP: 1/22 MP: 3/5
   948 | D:2      | Found Cybloxicekk's Jewellery Shoppe.
  1016 | D:2      | Learned a level 2 spell: Call Imp
  1064 | D:2      | Reached skill level 5 in Summonings
  1064 | D:2      | Reached XP level 3. HP: 12/29 MP: 4/6
  1436 | D:2      | Learned a level 3 spell: Call Canine Familiar
  1687 | D:3      | Reached XP level 4. HP: 37/37 MP: 5/7
  2033 | D:3      | Reached skill level 5 in Fighting
  2074 | D:3      | Reached XP level 5. HP: 18/44 MP: 3/8
  2279 | D:4      | Reached skill level 1 in Armour
  2504 | D:4      | Noticed Grinder
  2541 | D:4      | Paralysed by Grinder for 6 turns
  2544 | D:4      | Slain by Grinder

Illustrated notes

Levels and vault maps discovered:
D:1:      dpeg_arrival_round_b, layout_loops_ring
D:2:      wad_river_or_something, layout_basic, serial_shops,
          nicolae_shop_crystal, ebering_ecumenical_altar_rust, minmay_cupped
D:3:      layout_rooms, nicolae_overflow_hidden_temple,
          minmay_misc_feat_more_columns, kennysheep_generic_room_8
D:4:      layout_basic, lemuel_flame_loot_1, uniq_menkaure, uniq_grinder,
          uniq_eustachio

Skill      XL: |  1  2  3  4  5 |
---------------+----------------+-----
Fighting       | 1 3 4 5 |  5.0
Summonings     | 5 |  5.8
Stealth        | 2 |  2.4
Armour         | 1 |  1.0
Dodging        | |  2.1
Spellcasting   | |  2.1

Action                   |  1- 3 |  4- 6 || total
-------------------------+-------+-------++-------
Melee: Unarmed           |    24 |       ||    24
       Club              |    68 |    37 ||   105
       Halberd           |       |    27 ||    27
Throw: Stone             |       |     4 ||     4
 Cast: Summon Small Mamm |    40 |    23 ||    63
       Call Imp          |     3 |     7 ||    10
       Call Canine Famil |     1 |     9 ||    10
 Abil: Hop               |     1 |     1 ||     2
 Stab: Sleeping          |     3 |     1 ||     4
       Distracted        |       |     1 ||     1
Armor: Robe              |    22 |     2 ||    24
       Leather armour    |    11 |    11 ||    22
Dodge: Dodged            |    85 |    24 ||   109
